 Dungeon Crawl Stone Soup version 0.30-a0-719-gcc4359ea44 (webtiles) character file.

Game seed: 10987059966641157096

636 kae the Changer (level 7, -4/48 HPs)
             Began as a Demonspawn Transmuter on Jan 26, 2023.
             Was a Follower of Qazlal.
             Slain by Pikel
             ... wielding a +2 whip of freezing
              (5 damage)
             ... on level 6 of the Dungeon.
             The game lasted 00:04:31 (4953 turns).

kae the Changer (Demonspawn Transmuter)             Turns: 4953, Time: 00:04:32

Health: -4/48      AC:  2    Str: 10    XL:     7   Next: 25%
Magic:  10/12      EV: 19    Int: 17    God:    Qazlal [*.....]
Gold:   284        SH:  1    Dex: 18    Spells: 3/13 levels left

rFire   + . .      SeeInvis .      - Unarmed
rCold   . . .      Faith    .    (shield currently unavailable)
rNeg    . . .      Spirit   .    (body armour currently unavailable)
rPois   x          Reflect  .    (helmet currently unavailable)
rElec   .          Harm     .    (cloak currently unavailable)
rCorr   +          Rampage  .    (gloves currently unavailable)
Will    .....                    (boots currently unavailable)
Stlth   ++                       (no amulet)
HPRegen 0.28/turn                F - ring of protection from fire
MPRegen 0.13/turn                R - ring of resist corrosion

@: spider-form (expiring), wereblooded
A: venomous fangs, tiny, powered by death 1, (spiny 1)
a: End Transformation, Renounce Religion


You were on level 6 of the Dungeon.
You worshipped Qazlal.
Qazlal was aware of your devotion.
You were a venomous arachnid creature.
You visited 1 branch of the dungeon, and saw 6 of its levels.

You collected 284 gold pieces.


Innate Abilities, Weirdness & Mutations

You are a venomous arachnid creature.
You have venomous fangs.
You are tiny and dextrous.
Your spellcasting is less reliable in this form.
Your armour is entirely melded.
You are incapable of wielding weapons or throwing items.
You regenerate a little health from kills.
((You are partially covered in sharp spines.))


   Skills:
 - Level 1.0 Fighting
 - Level 1.7 Dodging
 + Level 4.0 Unarmed Combat
 + Level 3.5 Spellcasting
 * Level 4.6 Transmutations
 * Level 1.7 Ice Magic
 - Level 2.0 Poison Magic
 + Level 3.1 Invocations


You had 3 spell levels left.
You knew the following spells:

 Your Spells              Type           Power      Damage    Failure   Level
a - Beastly Appendage     Tmut           36%        N/A       10%         1
b - Wereblood             Tmut           18%        N/A       12%         2
c - Spider Form           Tmut/Pois      14%        N/A       30%         3
d - Ice Form              Ice/Tmut       13%        N/A       63%         4

Your spell library contained the following spells:

 Spells                   Type           Power      Damage    Failure   Level
 Stone Arrow              Conj/Erth      4%         3d7       67%         3
 Animate Armour           Summ/Erth      4%         N/A       95%         4
 Lehudib's Crystal Spear  Conj/Erth      1%         10d2      100%        8

Inventory:

Missiles
 f - 34 stones
 h - 9 poisoned darts
 j - 5 curare-tipped darts {=f}
 l - 3 datura-tipped darts
 r - 4 boomerangs
Armour
 a - a +0 robe (melded)
Jewellery
 F - a ring of protection from fire (left front pincers)
   (You found it on level 2 of the Dungeon)
 R - a ring of resist corrosion (right front pincers)
   (You found it on level 5 of the Dungeon)
Scrolls
 i - a scroll of poison {!r}
 k - 6 scrolls of teleportation {@r4}
 p - a scroll of summoning
 q - a scroll of vulnerability {!r!r}
 v - a scroll of blinking {!r}
Potions
 b - 2 potions of lignification {!q}
 c - a potion of might {unknown}
 d - 2 potions of attraction {!q}
 e - 3 potions of heal wounds {@q2}
 g - a potion of resistance
 m - 2 potions of magic
 n - 5 potions of curing {@q1}
 o - 2 potions of berserk rage {!q}
 u - a potion of brilliance {unknown}

Dungeon Overview and Level Annotations

Branches:
Dungeon (6/15) Zot: 25051  Temple (0/1) D:5

Altars:
Ashenzari
Cheibriados
Fedhas
Kikubaaqudgha
Qazlal
Sif Muna

Shops:
D:1 *

Annotations:
D:6 Pikel

##.#.. ##.###. ##..#
## ##..## ###..##
####.....##
####....##...##
####........##...###
#.Ks.###.....###...#
#....####
##....####...
......# #.....# ###.
...... ##....# #.
...5. #....# #.
..... ##...# #. #...
##..# #. #... ##.#
#. ### ##


You could see Pikel (very poisoned) and a lemure.


Message History

Key pressed, stopping explore.
Key pressed, stopping explore.
Unknown command.
An ogre and a scorpion come into view.
The ogre shouts!
Unknown command.
There are monsters nearby!
Unknown command.
There are monsters nearby!
Unknown command.
There are monsters nearby!
Unknown command.
There is a stone staircase leading up here.
You climb upwards.
There is a stone staircase leading down here.
There is a stone staircase leading down here.
You climb downwards.
There is a stone staircase leading up here.
Unknown command.
A lemure comes into view.
Unknown command.
There are monsters nearby!
There are monsters nearby!
Casting: Spider Form (dangerous; 13% risk of failure)
Confirm with . or Enter, or press ? or * to list all spells.
You turn into a venomous arachnid creature.
Your +0 robe melds into your body.
The lemure shouts!
You hear a shout! 😎 MP[-3]
You lost 3 mp, and now have 9/12 mp.
Casting: Spider Form (quite dangerous; 30% risk of failure)
Confirm with . or Enter, or press ? or * to list all spells.
Your blood is infused with primal strength.
The lemure barely misses you. 😎 MP[-2]
You lost 2 mp, and now have 7/12 mp.
You barely miss the lemure. The lemure completely misses you.
You hit the lemure but do no damage.
The lemure is poisoned.
The lemure hits you. 😕 HP[-3]
You take 3 damage, and now have 45/48 hp.
You barely miss the lemure. The lemure hits you. 😕 HP[-6] MP[+1]
You take 6 damage, and now have 39/48 hp.
You closely miss the lemure. You hit the lemure but do no damage.
The lemure looks as sick as possible!
The lemure completely misses you. 😕 HP[+1]
You hit the lemure.
The lemure looks as sick as possible!
The lemure completely misses you.
You hit the lemure.
The lemure looks as sick as possible!
The lemure hits you.
You barely miss the lemure. The lemure barely misses you. 😕 HP[-1]
You take 1 damage, and now have 39/48 hp.
You hit the lemure.
Pikel, Merchant of Souls comes into view.
He is wielding a +2 whip of freezing.
The lemure closely misses you.
Pikel shouts!
You hit the lemure but do no damage.
The lemure looks as sick as possible!
You hear a shout!
The lemure closely misses you.
You hit the lemure.
You kill the lemure!
That felt strangely unrewarding.
You bite the lemure!
The lemure is poisoned.
The lemure completely misses you. 😕 HP[+1] MP[+1]
You barely miss the lemure. The lemure barely misses you.
Unknown command.
You hit the lemure.
The lemure looks as sick as possible!
The lemure hits you. 😕 HP[-2]
You take 2 damage, and now have 38/48 hp.
You hit the lemure but do no damage.
The lemure looks as sick as possible!
The lemure hits you! 😮 HP[-9]
You take 9 damage, and now have 29/48 hp.
You hit the lemure.
The lemure looks as sick as possible!
You kill the lemure!
That felt strangely unrewarding. 😮 HP[+1]
You closely miss Pikel.
Your transformation is almost over.
Pikel hits you with a +2 whip of freezing!
* * * LOW HITPOINT WARNING * * *
Pikel freezes you.
* * * LOW HITPOINT WARNING * * *
You hit Pikel but do no damage.
Pikel is poisoned.
Pikel closely misses you.
A lemure comes into view. 😨 HP[-17]
You take 17 damage, and now have 13/48 hp.
MASSIVE DAMAGE!! (PAUSE)
You barely miss Pikel. 😨 MP[+1] Unknown command.
The lemure shouts!
You hit Pikel but do no damage.
You hear a shout! x2
Pikel hits you with a +2 whip of freezing!
* * * LOW HITPOINT WARNING * * *
Pikel freezes you.
You die...

Skill      XL: |  1  2  3  4  5  6  7 |
---------------+----------------------+-----
Transmutations | 2 3 4 |  4.6
Unarmed Combat | 3 4 |  4.0
Poison Magic   | 1 2 |  2.0
Invocations    | 2 3 |  3.1
Spellcasting   | 3 |  3.5
Ice Magic      | 1 |  1.7
Fighting       | |  1.0
Dodging        | |  1.7

Action                     |  1- 3 |  4- 6 |  7- 9 || total
---------------------------+-------+-------+-------++-------
  Melee: Unarmed           |    92 |   144 |    37 ||   273
         Kick              |    13 |    13 |       ||    26
         Headbutt          |    10 |    22 |       ||    32
         Punch             |       |     3 |       ||     3
   Cast: Beastly Appendage |    26 |    25 |       ||    51
         Spider Form       |       |     9 |     4 ||    13
         Wereblood         |       |     1 |     1 ||     2
    Use: Scroll            |     4 |    11 |       ||    15
   Stab: Sleeping          |     1 |       |       ||     1
 Armour: Robe              |    13 |     7 |       ||    20
         Skin              |       |     1 |     2 ||     3
  Dodge: Dodged            |    53 |    85 |    38 ||   176
  Block: Other             |       |       |     1 ||     1

Levels and vault maps discovered:
D:1:      elethiomel_arrival_fortress_basement, layout_basic,
          hellmonk_ecumenical_altar_inner_sanctum, serial_shops,
          nicolae_shop_temple_entry_statues_fountains, columned_hall_lemuel,
          grunt_decor_cap, minmay_surrounded
D:2:      layout_loops_cross, basic_altar
D:3:      layout_loops_cross, amcnicky_altar_gilded, st_stairs_9
D:4:      layout_basic, lemuel_tele_altar, minmay_misc_feat_plants
D:5:      layout_rooms, fedhas_bush_and_centaur_altar,
          grunt_temple_overflow_diamond, minmay_temple_entry_sparse_star
D:6:      layout_cave_pods, grunt_temple_overflow_order_and_chaos_1,
          nicolae_ru_great_annihilating_truth, uniq_pikel

Notes
Turn   | Place    | Note
-------+----------+-------------------------------------------
     0 | D:1      | kae the Demonspawn Transmuter began the quest for the Orb.
     0 | D:1      | Reached XP level 1. HP: 15/15 MP: 3/3
     0 | D:1      | magus.rc [v1.11.3]
   109 | D:1      | Reached skill level 2 in Transmutations
   114 | D:1      | HP: 2/15 [goblin/+0 club (4)]
   161 | D:1      | Found Qiach's Assorted Antiques.
   228 | D:1      | Gained mutation: You are partially covered in sharp spines.
                  | [demonic ancestry]
   228 | D:1      | Reached XP level 2. HP: 21/21 MP: 3/5
   632 | D:1      | Reached skill level 3 in Unarmed Combat
   700 | D:1      | Reached XP level 3. HP: 26/26 MP: 4/6
   703 | D:1      | Learned a level 2 spell: Wereblood
   707 | D:1      | Learned a level 3 spell: Spider Form
   815 | D:1      | Found a faded altar of an unknown god.
  1312 | D:2      | Reached skill level 1 in Poison Magic
  1327 | D:2      | Found an ancient bone altar of Kikubaaqudgha.
  1539 | D:2      | Reached XP level 4. HP: 26/32 MP: 5/7
  1541 | D:2      | Reached skill level 3 in Transmutations
  2193 | D:3      | Found a stormy altar of Qazlal.
  2334 | D:3      | Became a worshipper of Qazlal Stormbringer
  2429 | D:3      | Reached skill level 2 in Poison Magic
  2529 | D:3      | Reached XP level 5. HP: 37/37 MP: 6/9
  2805 | D:3      | Reached skill level 1 in Invocations
  2904 | D:4      | You fall into a shaft and drop 2 floors!
  2983 | D:6      | Noticed a lemure
  2983 | D:6      | Noticed a lemure
  2998 | D:5      | Entered Level 5 of the Dungeon
  3031 | D:5      | Found a staircase to the Ecumenical Temple.
  3109 | D:5      | Reached skill level 3 in Spellcasting
  3165 | D:5      | Found a shimmering blue altar of Sif Muna.
  3172 | D:5      | Found a broken altar of Ashenzari.
  3300 | D:4      | Reached skill level 2 in Invocations
  3300 | D:4      | Reached XP level 6. HP: 20/43 MP: 6/10
  3302 | D:4      | HP: 10/43 [bullfrog (3)]
  3304 | D:4      | HP: 2/43 [bullfrog (4)]
  3306 | D:4      | Reached skill level 4 in Transmutations
  3598 | D:4      | Learned a level 4 spell: Ice Form
  3650 | D:4      | Found a snail-covered altar of Cheibriados.
  3734 | D:4      | Reached * piety under Qazlal
  4267 | D:4      | Reached skill level 1 in Ice Magic
  4383 | D:5      | Found a blossoming altar of Fedhas.
  4409 | D:5      | Gained mutation: You regenerate a little health from kills.
                  | [demonic ancestry]
  4409 | D:5      | Reached XP level 7. HP: 46/48 MP: 8/12
  4558 | D:5      | Reached skill level 4 in Unarmed Combat
  4558 | D:5      | Reached skill level 3 in Invocations
  4702 | D:5      | You pick up a book of Armaments and begin reading...
  4702 | D:5      | You add the spells Stone Arrow, Animate Armour and
                  | Lehudib's Crystal Spear to your library.
  4942 | D:6      | Noticed Pikel
  4953 | D:6      | HP: 1/48 [Pikel/+2 whip of freezing (13)]
  4953 | D:6      | Slain by Pikel

Vanquished Creatures
  A centaur (D:5)
  2 lemures (D:6)
  A bullfrog (D:4)
  A scorpion (D:5)
  2 jellies (D:4)
  3 hounds
  2 iguanas (D:5)
  An orc wizard (D:3)
  9 adders
  2 worms
  4 dart slugs
  8 orcs (D:3)
  7 ball pythons
  8 endoplasms
  3 giant cockroaches
  4 goblins
  6 hobgoblins
  20 jackals
  10 kobolds
  3 quokkas
  7 bats
  2 frilled lizards
  4 rats
110 creatures vanquished.

Table legend:
 A = Non-vault XP
 B = Vault XP
 C = Vault XP percentage of total XP
 D = Non-vault monster count
 E = Vault monster count
 F = Vault count percentage of total count
                 A         B        C        D         E       F
            +---------+---------+-------+---------+---------+-------
      Total |     784 |     125 |  13.8 |      99 |       9 |   8.3
            +---------+---------+-------+---------+---------+-------
        D:1 |      47 |       5 |   9.6 |      25 |       5 |  16.7
        D:2 |      83 |       0 |   0.0 |      23 |       0 |   0.0
        D:3 |     110 |       8 |   6.8 |      25 |       3 |  10.7
        D:4 |     302 |       0 |   0.0 |      17 |       0 |   0.0
        D:5 |     242 |     112 |  31.6 |       9 |       1 |  10.0
            +---------+---------+-------+---------+---------+-------

Illustrated notes

Table legend:
 A = Kills in this place as a percentage of kills in entire the game.
 B = Kills by you in this place as a percentage of kills by you in the entire game.
 C = Kills by friends in this place as a percentage of kills by friends in the entire game.
 D = Other kills in this place as a percentage of other kills in the entire game.
 E = Experience gained in this place as a percentage of experience gained in the entire game.
 F = Experience gained in this place divided by the number of levels of this place that you have seen.
                   A       B       C       D       E      F
               +-------+-------+-------+-------+-------+----------------------
         Total | 100.0 | 100.0 |   N/A |   N/A | 100.0 | 151.5
       Dungeon | 100.0 | 100.0 |   N/A |   N/A | 100.0 | 151.5
               +-------+-------+-------+-------+-------+----------------------

Table legend: (Time is in decaauts)
 A = Elapsed time spent in this place.
 B = Non-inter-level travel time spent in this place.
 C = Inter-level travel time spent in this place.
 D = Time resting spent in this place.
 E = Time spent auto-exploring this place.
 F = Levels seen in this place.
 G = Mean time per level.
                   A        B        C        D        E       F      G
               +--------+--------+--------+--------+--------+-----+--------+
         Total |   4933 |   4799 |    134 |    277 |   3725 |   6 |  822.2 |
       Dungeon |   4933 |   4799 |    134 |    277 |   3725 |   6 |  822.2 |
               +--------+--------+--------+--------+--------+-----+--------+

Top non-repeatable levels by time:
     D:4: 1142 daAuts
     D:1: 1119 daAuts
     D:3: 1053 daAuts
     D:5: 743 daAuts
     D:2: 720 daAuts
     D:6: 155 daAuts
